 Dungeon Crawl Stone Soup version 0.20.1-1-g8b1a95d (webtiles) character file.

63 slep the Skirmisher (level 3, 0/30 HPs)
             Began as a Demonspawn Abyssal Knight on Oct 29, 2017.
             Was a Follower of Lugonu.
             Succumbed to an adder's poison
             ... on level 2 of the Dungeon.
             The game lasted 00:06:40 (1050 turns).

slep the Skirmisher (Demonspawn Abyssal Knight)     Turns: 1050, Time: 00:06:41

Health: 0/30       AC:  4    Str: 17    XL:     3   Next: 89%
Magic:  4/5        EV: 11    Int: 13    God:    Lugonu [*.....]
Gold:   114        SH:  0    Dex: 13    Spells: 2/2 levels left

rFire    . . .     SeeInvis .   a - +1 falchion
rCold    . . .     Gourm    .   (no shield)
rNeg     . . .     Faith    .   e - +0 leather armour (curse)
rPois    .         Spirit   .   (no helmet)
rElec    .         Reflect  .   n - +0 cloak
rCorr    .         Harm     .   (no gloves)
MR       .....                  (no boots)
Stlth    +.........             (no amulet)
Regen    0.1/turn               (no ring)
MPRegen  0.1/turn               (no ring)

@: mighty, lethally poisoned (0 -> -6)
A: talons 1, spiny 1
a: Depart the Abyss, Renounce Religion


You were on level 2 of the Dungeon.
You worshipped Lugonu.
Lugonu was aware of your devotion.
You were not hungry.

You visited 1 branch of the dungeon, and saw 2 of its levels.
You visited the Abyss 1 time.

You collected 114 gold pieces.

Inventory:

Hand Weapons
 a - a +1 falchion (weapon)
Armour
 b - a +0 leather armour
 e - a cursed +0 leather armour (worn)
 n - a +0 cloak (worn)
Scrolls
 d - 2 scrolls of enchant armour {unknown}
 f - a scroll of recharging {unknown}
 g - a scroll of teleportation {unknown}
 h - a scroll of amnesia {unknown}
 k - a scroll of remove curse {unknown}
 l - a scroll of magic mapping {unknown}
Potions
 i - a potion of might
Comestibles
 c - 2 bread rations
 j - a meat ration
 m - 7 chunks of flesh


   Skills:
 + Level 3.9 Fighting
 + Level 2.3 Long Blades
 + Level 2.2 Armour
 + Level 1.0 Dodging
 + Level 0.6 Stealth
 + Level 2.7 Invocations


You had 2 spell levels left.
You didn't know any spells.

Dungeon Overview and Level Annotations

Branches:
Dungeon (2/15)

Altars:
Fedhas


Innate Abilities, Weirdness & Mutations

You have sharp toenails.
You are partially covered in sharp spines.


Message History

The adder is heavily wounded.
You feel sick. The adder is struck by your spines. The adder barely misses you.
You riposte.
You miss the adder.
The adder is severely wounded.
You miss the adder.
The adder is severely wounded.
The adder bites you.
* * * LOW HITPOINT WARNING * * *
The adder bites you.
* * * LOW HITPOINT WARNING * * *
You are more poisoned.
The adder poisons you!
You feel very mighty all of a sudden.
* * * LOW HITPOINT WARNING * * *
You feel sick. The adder closely misses you.
You hit the adder.
You kill the adder!
Lugonu accepts your kill.
Your Dodging skill increases to level 1!
You die...

.# #.# #. ..# #. ###
#. #.# .. ..# #. #.#
#. #. #.# #.###.##.#
#.##..@#.#
#####.##.#.#.# ...#.##
#.#.## #.# #.#..
#....# #.#
#..>#######.# #.#
#......#....#
#.######...##.#.######
#.##...##.###.#......#
#.##...##.# #...####.#


There were no monsters in sight!

Vanquished Creatures
  2 adders (D:2)
  2 dart slugs (D:1)
  4 leopard geckos
  6 bats
  2 giant cockroaches (D:2)
  A goblin (D:1)
  6 hobgoblins
  4 jackals (D:1)
  2 frilled lizards
  4 kobolds
  4 rats
37 creatures vanquished.

Notes
Turn   | Place    | Note
-------+----------+-------------------------------------------
     0 | Abyss:1  | slep the Demonspawn Abyssal Knight began the quest for the Orb.
     0 | Abyss:1  | Reached XP level 1. HP: 18/18 MP: 2/2
    51 | Abyss:1  | Noticed a shadow
    51 | Abyss:1  | Noticed an iron imp
    55 | D:1      | Escaped the Abyss
   312 | D:1      | Gained mutation: You have sharp toenails. [demonic ancestry]
   312 | D:1      | Reached XP level 2. HP: 17/24 MP: 3/3
   370 | D:1      | Reached * piety under Lugonu
   656 | D:1      | Gained mutation: You are partially covered in sharp spines. [demonic ancestry]
   656 | D:1      | Reached XP level 3. HP: 27/30 MP: 4/4
   902 | D:2      | Found a blossoming altar of Fedhas.
  1049 | D:2      | HP: 1/30 [poisoned by an adder]
  1050 | D:2      | Reached skill level 1 in Dodging
  1050 | D:2      | Succumbed to an adder's poison

Skill      XL: |  1  2  3 |
---------------+----------+-----
Armour         | 2 |  2.2
Long Blades    | 2 |  2.3
Dodging        | 1 |  1.0
Fighting       | |  3.9
Stealth        | |  0.6
Invocations    | |  2.7

Action                   || total
-------------------------++-------
Melee: Falchion          ||    84
       Kick              ||    15
Invok: Depart the Abyss  ||     1
  Use: Potion            ||     1
 Stab: Sleeping          ||     2
  Eat: Chunk             ||     1
Armor: Leather armour    ||    31
Dodge: Dodged            ||    60
       Rpst.: Falchion   ||    19
